 Dungeon Sprint DCSS version 0.30.1-8-g117510f58f (webtiles) character file.

Game seed: 1840003423158865337

21563 Heoruswealwe the Phalangite (level 12, -1/130 (132) HPs)
             Began as a Minotaur Fighter on Sept 23, 2023.
             Was an Initiate of Gozag.
             Slain by a tengu reaver
             ... wielding a +0 glaive
              (6 damage)
             ... in the Dungeon (Sprint IX: "|||||||||||||||||||||||||||||").
             The game lasted 00:35:33 (2146 turns).

Heoruswealwe the Phalangite (Minotaur Fighter)      Turns: 2146, Time: 00:35:42

HP:   -1/130 (132)  AC: 24    Str: 28    XL:     12   Next: 55%
MP:   11/11         EV:  8    Int:  5    God:    Gozag
Gold: 215           SH:  5    Dex: 11    Spells: 11/11 levels left

rFire   . . .        b - +1 glaive (venom)
rCold   + . .        (shield currently unavailable)
rNeg    . . .        c - +0 plate armour {rC+}
rPois   +            g - +0 hat
rElec   .            h - +0 cloak
rCorr   .            f - +0 pair of gloves
SInv    +            e - +0 pair of boots
Will    +....        i - amulet of reflection Stlth
                     k - ring of Maqunib {Will+ Str+3}
HPRegen 0.41/turn    j - ring of Kaleuruf {rPois SInv}
MPRegen 0.12/turn

%: no teleportation, reflection
@: on berserk cooldown, slowed, lightly drained, very slow
A: horns 2, retaliatory headbutt
a: Renounce Religion, Potion Petition, Call Merchant, Bribe Branch


You were in the Dungeon.
You worshipped Gozag.
Gozag was aware of your devotion.
You visited 1 branch You collected 9502 gold pieces.
You spent 5671 gold pieces at shops.
You paid 3616 gold pieces to Gozag.

Inventory:

Hand Weapons
 a - a +0 trident
 b - a +1 glaive of venom (weapon)
 A - a +0 bardiche
 B - the +4 consecrated labrys {holy, Valiant Fragile Fly SInv}
   (You found it in the Dungeon)

   Valiant:   It becomes more powerful as more dangerous foes come into view.
   SInv:      It lets you see invisible.
   Fly:       It grants you flight.
   Fragile:   It will be destroyed if unequipped.
Armour
 c - a +0 plate armour of cold resistance (worn)
 d - a +1 tower shield
 e - a +0 pair of boots (worn)
 f - a +0 pair of gloves (worn)
 g - a +0 hat (worn)
 h - a +0 cloak (worn)
Jewellery
 i - an amulet of reflection (around neck)
 j - the ring of Kaleuruf (right hand) {rPois SInv}
   (You bought it in a shop in the Dungeon)

   [ring of see invisible]

   rPois:     It protects you from poison.
   SInv:      It lets you see invisible.
 k - the ring of Maqunib (left hand) {Will+ Str+3}
   (You bought it in a shop in the Dungeon)

   [ring of willpower]

   Str:       It affects your strength (+3).
   Will:      It increases your willpower.
 x - a ring of protection from fire
 z - a ring of protection from fire
Wands
 o - a wand of light (10)
 r - a wand of roots (4)
Scrolls
 q - 8 scrolls of enchant armour
 t - 3 scrolls of blinking
 w - 9 scrolls of identify
Potions
 l - a potion of flight
 m - a potion of invisibility
 s - 3 potions of curing
 u - 2 potions of cancellation
 v - 2 potions of resistance
 C - 2 potions of mutation
Miscellaneous
 y - a box of beasts


   Skills:
 + Level 19.8 Fighting
 * Level 26.5 Polearms
 + Level 19.8 Armour
 - Level 3.6 Shields


You had 11 spell levels left.
You didn't know any spells.
Your spell library contained the following spells:

 Spells                   Type           Power      Damage    Failure   Level
 Beastly Appendage        Tmut           0%         N/A       94%         1
 Cigotuvi's Dreadful Rot  Necr/Pois/Air  0%         N/A       98%         2
 Wereblood                Tmut           0%         N/A       98%         2
 Spider Form              Tmut/Pois      0%         N/A       100%        3
 Dispel Undead            Necr           0%         3d6       100%        4
 Death Channel            Necr           0%         N/A       100%        6


Dungeon Overview and Level Annotations

Branches:
Dungeon (1/1)

Altars:
Cheibriados
Dithmenos
Elyvilon
Fedhas
Gozag
Hepliaklqana
Kikubaaqudgha
Makhleb
Nemelex Xobeh
Okawaru
Qazlal
Ru
Sif Muna
Trog
Uskayaw
Vehumet
Wu Jian
Xom
Yredelemnul
Zin
The Shining One
Jiyva
Lugonu

Shops:
D [*?=*(*


Innate Abilities, Weirdness & Mutations

You have a pair of horns on your head.
You reflexively headbutt those who attack you in melee.


Message History

You feel better. The tengu reaver casts a spell at you.
The bolt of negative energy hits you.
You feel drained.
* * * LOW HITPOINT WARNING * * *
You feel better.
The tengu reaver gestures at you while chanting.
The bolt of acid hits you!!
* * * LOW HITPOINT WARNING * * *
The rakshasa blinks!
You feel better. The tengu reaver casts a spell at you.
The bolt of negative energy misses you.
You feel better.
The rakshasa weaves an illusion.
The tengu reaver shimmers and seems to become two!
The tengu reaver points at you and mumbles some strange words.
The bolt of poison hits you. You resist.
* * * LOW HITPOINT WARNING * * *
The tengu reaver hits you from afar with a +0 glaive.
* * * LOW HITPOINT WARNING * * *
The tengu reaver casts a spell at you. The bolt of negative energy misses you.
The tengu reaver barely misses you.
You slash the tengu reaver!
The tengu reaver is lightly wounded.
The tengu reaver hits you but does no damage. x2
The tengu reaver misses you.
The tengu reaver claws you but does no damage.
You hit the tengu reaver.
The tengu reaver is poisoned.
The tengu reaver is lightly wounded.
The tengu reaver casts a spell at you.
The bolt of negative energy hits you but does no damage.
The tengu reaver hits you from afar with a +0 glaive!!
* * * LOW HITPOINT WARNING * * *
You closely miss the tengu reaver.
The tengu reaver is moderately wounded.
The tengu reaver hits you from afar with a +0 glaive!
* * * LOW HITPOINT WARNING * * *
The tengu reaver hits you with a +0 glaive.
You die...
Your body crumbles into a pile of gold.

▓_▓.▓.▓.▓.▓.▓[▓,*,*,*,*,*,*,*,
▓_▓.▓.▓.▓)▓.▓[▓,*,*,*,*,*,*,*,
▓_▓.▓.▓.▓)▓.▓[▓,*,*,*,*,*,*,*,
▓_▓.▓.▓.▓)▓.▓[▓,*,*,*,*,*,*,*,
▓_▓.▓.▓.▓)▓.▓[▓,*,*,*,*,*,*,*,
▓_▓.▓'▓.▓)▓.▓.▓,*,*,*,*,*,*,*,
▓_▓.▓.▓.▓)▓.▓.▓,*~*,*,*,*,*,*,
▓_▓.▓.▓.▓)▓.▓.▓,*~*,*,*,*,*,*,
▓_▓.▓.▓.▓.▓.▓@▓,*~*,*,*,*,*,*,
▓_▓.▓.▓.▓.▓.▓Q▓,*+*,*,*,*,*,*+
▓_▓.▓.▓.▓.▓.▓Q▓,*,*,*+*,*,*,*,
▓_▓.▓.▓.▓.▓.▓Q▓,*,*,*,*,*,*,*,
▓_▓.▓.▓.▓.▓.▓R▓,*,*,*,*,*,*,*,
▓_▓.▓.▓.▓.▓.▓.▓,*,*,*,*,*,*,*,
▓_▓.▓.▓.▓'▓.▓.▓,*,*,*,*,*,*,*,
▓'▓.▓'▓.▓)▓.▓?▓,*,*,*,*,*,*,*,
▓!▓.▓.▓)▓)▓.▓Q▓,*,*,*,*,*,*,*,


You could see 3 tengu reavers and a rakshasa (poisoned).

Vanquished Creatures
  Gastronok (D)
  2 stone giants (D)
  6 ogre magi (D)
  Erica (D)
  2 hydras (D)
  2 centaur warriors (D)
  4 two-headed ogres (D)
  2 spriggan berserkers (D)
  A skyshark (D)
  An orc knight (D)
  A deep elf pyromancer (D)
  An ugly thing (D)
  A manticore (D)
  2 elephants (D)
  A black mamba (D)
  A cane toad (D)
  A gargoyle (D)
  4 komodo dragons (D)
  A tengu conjurer (D)
  A freezing wraith (D)
  A troll (D)
  3 yaks (D)
  A shadow (D)
  3 basilisks (D)
  2 vampire mosquitoes (D)
  2 wargs (D)
  A water moccasin (D)
  An acid dragon (D)
  2 hell hounds (D)
  6 orc warriors (D)
  6 wolves (D)
  4 ogres (D)
  A phantom (D)
  A bullfrog (D)
  A kobold brigand (D)
  A killer bee (D)
  A howler monkey (D)
  4 orc priests (D)
  An iguana (D)
  8 orc wizards (D)
  A shadow imp (D)
  A white imp (D)
  7 orcs (D)
  2 endoplasms (D)
  A giant cockroach (D)
  A jackal (D)
  A rat (D)
100 creatures vanquished.

Notes
Turn   | Place    | Note
-------+----------+-------------------------------------------
     0 | D        | Heoruswealwe the Minotaur Fighter began the quest for the
                  | Orb.
     0 | D        | Reached XP level 1. HP: 19/19 MP: 0/0
     6 | D        | Reached skill level 3 in Polearms
    29 | D        | Noticed a phantom
    29 | D        | Noticed an iguana
    38 | D        | Reached skill level 4 in Polearms
    38 | D        | Reached XP level 2. HP: 9/28 MP: 1/1
    45 | D        | Killed a phantom
    46 | D        | Reached skill level 7 in Polearms
    46 | D        | Reached XP level 3. HP: 25/37 MP: 2/2
    46 | D        | Reached XP level 4. HP: 30/44 MP: 3/3
    51 | D        | Reached skill level 8 in Polearms
    64 | D        | Found a snail-covered altar of Cheibriados.
    64 | D        | Found a shadowy altar of Dithmenos.
    64 | D        | Found a white marble altar of Elyvilon.
    64 | D        | Found a blossoming altar of Fedhas.
    64 | D        | Found an opulent altar of Gozag.
    65 | D        | Found a hazy altar of Hepliaklqana.
    66 | D        | Found a viscous altar of Jiyva.
    67 | D        | Found an ancient bone altar of Kikubaaqudgha.
    68 | D        | Found a corrupted altar of Lugonu.
    69 | D        | Found a burning altar of Makhleb.
    70 | D        | Found a sparkling altar of Nemelex Xobeh.
    71 | D        | Found an iron altar of Okawaru.
    72 | D        | Became a worshipper of Gozag Ym Sagoz the Greedy
    73 | D        | Found a stormy altar of Qazlal.
    74 | D        | Found a sacrificial altar of Ru.
    75 | D        | Found a shimmering blue altar of Sif Muna.
    76 | D        | Found a bloodstained altar of Trog.
    77 | D        | Found a hide-covered altar of Uskayaw.
    78 | D        | Found a radiant altar of Vehumet.
    79 | D        | Found an ornate altar of the Wu Jian Council.
    80 | D        | Found a shimmering altar of Xom.
    81 | D        | Found a basalt altar of Yredelemnul.
    82 | D        | Found a glowing silver altar of Zin.
    83 | D        | Found a glowing golden altar of the Shining One.
   169 | D        | Noticed a yak
   169 | D        | Noticed a vampire mosquito
   169 | D        | Noticed a shadow
   169 | D        | Noticed a kobold brigand
   171 | D        | Reached skill level 9 in Polearms
   171 | D        | Reached XP level 5. HP: 52/52 MP: 4/4
   179 | D        | Killed a yak
   180 | D        | Reached skill level 11 in Polearms
   180 | D        | Reached XP level 6. HP: 36/62 MP: 5/5
   192 | D        | Killed a vampire mosquito
   193 | D        | Reached skill level 12 in Polearms
   196 | D        | Killed a shadow
   197 | D        | Reached skill level 10 in Fighting
   197 | D        | Reached skill level 13 in Polearms
   197 | D        | Reached skill level 10 in Armour
   197 | D        | Reached XP level 7. HP: 37/72 MP: 6/6
   308 | D        | Noticed a gargoyle
   308 | D        | Noticed an eight-headed hydra
   308 | D        | Noticed a centaur warrior
   308 | D        | Noticed a vampire mosquito
   308 | D        | Noticed a troll
   316 | D        | Killed a 14-headed hydra
   317 | D        | Reached skill level 15 in Polearms
   317 | D        | Reached XP level 8. HP: 79/83 MP: 7/7
   323 | D        | Killed a gargoyle
   324 | D        | Reached skill level 16 in Polearms
   329 | D        | Killed a centaur warrior
   330 | D        | Reached skill level 17 in Polearms
   330 | D        | Reached XP level 9. HP: 55/92 MP: 8/8
   340 | D        | Killed a troll
   609 | D        | Noticed a cane toad
   613 | D        | Reached skill level 18 in Polearms
   613 | D        | Noticed a komodo dragon
   641 | D        | Killed a cane toad
   645 | D        | Killed a komodo dragon
   646 | D        | Reached skill level 19 in Polearms
   656 | D        | Reached XP level 10. HP: 38/104 MP: 9/9
   843 | D        | Noticed a skyshark
   843 | D        | Noticed a black mamba
   850 | D        | Noticed an elephant
   856 | D        | Killed a skyshark
   857 | D        | Reached skill level 20 in Polearms
   863 | D        | Killed a black mamba
   864 | D        | Reached skill level 15 in Fighting
   864 | D        | Reached skill level 15 in Armour
   868 | D        | Noticed an elephant
   882 | D        | Killed an elephant
   888 | D        | Reached skill level 21 in Polearms
   895 | D        | Killed an elephant
  1182 | D        | Noticed Erica
  1191 | D        | Killed Erica
  1192 | D        | Reached XP level 11. HP: 107/115 MP: 10/10
  1262 | D        | Reached skill level 22 in Polearms
  1381 | D        | Noticed an orc knight
  1400 | D        | Killed an orc knight
  1534 | D        | Found Mismuk's Antique Armour Emporium.
  1534 | D        | Noticed a two-headed ogre
  1534 | D        | Noticed a two-headed ogre
  1534 | D        | Noticed a two-headed ogre
  1539 | D        | Noticed an ogre mage
  1540 | D        | Killed a two-headed ogre
  1541 | D        | Found Zakkal's Assorted Antiques.
  1544 | D        | Killed a two-headed ogre
  1545 | D        | Reached skill level 23 in Polearms
  1546 | D        | Killed a two-headed ogre
  1549 | D        | Found Ugethoapt's Magic Scroll Emporium.
  1549 | D        | Noticed an ogre mage
  1551 | D        | Killed an ogre mage
  1552 | D        | Noticed an ogre mage
  1553 | D        | Noticed a two-headed ogre
  1567 | D        | Killed an ogre mage
  1568 | D        | Noticed an ogre mage
  1571 | D        | Killed an ogre mage
  1572 | D        | Reached skill level 24 in Polearms
  1576 | D        | Killed a two-headed ogre
  1591 | D        | Killed an ogre mage
  1596 | D        | Found Tecse's Magic Scroll Shoppe.
  1596 | D        | Noticed an ogre mage
  1605 | D        | Killed an ogre mage
  1648 | D        | Bought 2 potions of curing for 174 gold pieces
  1648 | D        | Bought a scroll of identify for 58 gold pieces
  1648 | D        | Bought a scroll labelled VUFRO FASTICOFO for 29 gold pieces
  1648 | D        | Bought a grey potion for 26 gold pieces
  1650 | D        | Bought a fine orb for 350 gold pieces
  1650 | D        | Identified the orb "Othittef" {guile, Contam rPois Str+3}
                  | (You bought it in a shop in the Dungeon)
  1650 | D        | Bought a steaming chain mail for 237 gold pieces
  1650 | D        | Identified the +0 chain mail of the Onion {Contam rC+ Int+4
                  | Stlth+} (You bought it in a shop in the Dungeon)
  1650 | D        | Bought a tower shield for 112 gold pieces
  1664 | D        | Bought a scroll of enchant armour for 90 gold pieces
  1664 | D        | Bought a scroll of blinking for 90 gold pieces
  1664 | D        | Bought a scroll of identify for 24 gold pieces
  1664 | D        | Bought a scroll of identify for 24 gold pieces
  1664 | D        | Bought a scroll of identify for 24 gold pieces
  1664 | D        | Bought a scroll of enchant armour for 90 gold pieces
  1664 | D        | Bought a scroll of identify for 24 gold pieces
  1664 | D        | Bought a scroll of enchant weapon for 90 gold pieces
  1666 | D        | Bought a scroll of identify for 22 gold pieces
  1666 | D        | Bought a scroll of identify for 22 gold pieces
  1666 | D        | Bought a scroll of poison for 44 gold pieces
  1666 | D        | Bought a scroll of torment for 104 gold pieces
  1666 | D        | Bought a scroll of identify for 22 gold pieces
  1666 | D        | Bought a scroll of identify for 22 gold pieces
  1666 | D        | Bought a scroll of acquirement for 572 gold pieces
  1666 | D        | Bought a scroll of identify for 22 gold pieces
  1685 | D        | Bought the ring of Kaleuruf {rPois SInv} for 340 gold
                  | pieces
  1685 | D        | Bought an amulet of reflection for 390 gold pieces
  1695 | D        | Bought the ring of Maqunib {Will+ Str+3} for 497 gold
                  | pieces
  1703 | D        | Bought a +0 glaive of venom for 147 gold pieces
  1703 | D        | Bought a scroll of fog for 60 gold pieces
  1703 | D        | Bought a scroll of identify for 30 gold pieces
  1713 | D        | Bought a runed halberd for 196 gold pieces
  1717 | D        | Bought a scroll labelled NIMAEX VACI for 29 gold pieces
  1717 | D        | Bought a box of beasts for 1160 gold pieces
  1773 | D        | Acquired 567 gold pieces
  1787 | D        | Bought a wand of roots (4) for 144 gold pieces
  1815 | D        | Bought a potion of curing for 87 gold pieces
  1815 | D        | Bought a scroll of identify for 58 gold pieces
  1815 | D        | Bought 3 potions of curing for 261 gold pieces
  1868 | D        | Noticed Gastronok
  1882 | D        | Killed Gastronok
  1883 | D        | Reached skill level 25 in Polearms
  1883 | D        | Reached XP level 12. HP: 82/128 MP: 11/11
  1982 | D        | Found the +4 consecrated labrys {holy, Valiant Fragile Fly
                  | SInv}
  2036 | D        | Noticed an ogre mage
  2036 | D        | Noticed a centaur warrior
  2036 | D        | Noticed an eight-headed hydra
  2050 | D        | Noticed a stone giant
  2052 | D        | Killed an ogre mage
  2058 | D        | Killed a centaur warrior
  2059 | D        | Noticed a stone giant
  2064 | D        | Killed an 11-headed hydra
  2074 | D        | Killed a stone giant
  2075 | D        | Reached skill level 26 in Polearms
  2082 | D        | Noticed a death yak
  2085 | D        | Killed a stone giant
  2103 | D        | Noticed a rakshasa
  2131 | D        | Noticed a tengu reaver
  2132 | D        | Noticed a tengu reaver
  2146 | D        | HP: 5/130 [tengu reaver (illusionary)/+0 glaive (7)]
  2146 | D        | Slain by a tengu reaver

Illustrated notes

Levels and vault maps discovered:
D:        linesprint [early_d, line_temple, items_1, d_10, items_2, lair_1,
          lair_end, items_3, orc_1, orc_end, items_4, d_15, swamp_1, shoals_1,
          snake_1, spider_1, d_20, vaults_1, items_5, swamp_end, shoals_end,
          snake_end, spider_end, vaults_end, d_27, items_6, zot_1, zot_end,
          crypt_end, forest_end, elf_end, slime_end, tomb_end, abyss_end,
          pan_hell_end]

Skill      XL: |  1  2  3  4  5  6  7  8  9 10 11 12 |
---------------+-------------------------------------+-----
Polearms       | 4 7 9 11 13 15 17 19 21 25 26 | 26.5
Fighting       | 4 6 7 8 10 11 12 14 16 18 19 | 19.8
Armour         | 4 6 7 8 10 11 12 14 16 18 19 | 19.8
Shields        | |  3.6

Action                     |  1- 3 |  4- 6 |  7- 9 | 10-12 || total
---------------------------+-------+-------+-------+-------++-------
  Melee: Trident           |    24 |    12 |       |       ||    36
         Headbutt          |     3 |     5 |    17 |    51 ||    76
         Halberd           |       |    26 |    67 |   172 ||   265
         Glaive            |       |       |       |    87 ||    87
 Invoke: Call Merchant     |       |       |       |     4 ||     4
    Use: Potion            |     1 |     1 |     1 |    20 ||    23
         Scroll            |       |       |       |    11 ||    11
   Stab: Distracted        |       |     2 |       |       ||     2
 Armour: Scale mail        |     8 |     2 |       |       ||    10
         Plate armour      |       |    11 |    33 |    89 ||   133
  Dodge: Dodged            |     4 |     7 |    25 |    51 ||    87
  Block: Buckler           |     1 |     2 |       |       ||     3
         Other             |       |       |       |     6 ||     6
         Reflection        |       |       |       |     1 ||     1
